 Dungeon Crawl Stone Soup version 0.31.0-12-g77e489cdc1 (webtiles) character file.

Game seed: 10539871953646922576

792 BigDaddyOpFi the Ruffian (level 7, -7/50 HPs)
             Began as an Octopode Fighter on Feb 21, 2024.
             Mangled by an ice beast (15 damage)
             ... on level 4 of the Dungeon.
             The game lasted 00:03:37 (2882 turns).

BigDaddyOpFi the Ruffian (Octopode Fighter)         Turns: 2882, Time: 00:03:37

Health: -7/50      AC:  1    Str: 12 (15) XL:     7   Next: 88%
Magic:  7/7        EV: 15    Int: 10      God:
Gold:   136        SH:  5    Dex: 14      Spells: 6/6 levels left

rFire   + .          .
                       - Unarmed
rCold   x . .        (no shield)
rNeg    . . .        (helmet restricted)
rPois   .            d - amulet of reflection
rElec   .            b - ring of fire
rCorr   .            (no ring)
SInv    .            (no ring)
Will    .....        (no ring)
Stlth   ++           (no ring)
HPRegen 0.28/turn    (no ring)
MPRegen 0.10/turn    (no ring)
                     (no ring)

%: reflection
@: no status effects
A: almost no armour, amphibious, 8 rings, camouflage 1, gelatinous body 1,
(nimble swimmer 1), tentacles
a: no special abilities


You were on level 4 of the Dungeon.
You visited 1 branch of the dungeon, and saw 4 of its levels.

You collected 136 gold pieces.

Inventory:

Armour
 a - a +1 buckler
Jewellery
 b - a ring of fire (left tentacle)
 d - an amulet of reflection (around mantle)
Scrolls
 e - 2 scrolls of teleportation
 f - a scroll of immolation


   Skills:
 + Level 5.1 Fighting
 + Level 5.2 Dodging
 - Level 3.2 Shields
 * Level 6.1 Unarmed Combat


You had 6 spell levels left.
You didn't know any spells.
Your spell library contained the following spells:

 Spells                   Type           Power      Damage    Failure   Level
 Kiss of Death            Conj/Necr      0%         2d5       36%         1
 Magic Dart               Conj           0%         1d3       36%         1
 Ensorcelled Hibernation  Hex/Ice        0%         N/A       50%         2
 Searing Ray              Conj           0%         2d4       50%         2
 Confusing Touch          Hex            0%         N/A       75%         3
 Passwall                 Erth           0%         N/A       75%         3
 Swiftness                Air            0%         N/A       75%         3
 Volatile Blastmotes      Fire/Tloc      0%         2d10      75%         3
 Dispel Undead            Necr           0%         3d6       98%         4
 Fulminant Prism          Conj/Alch      0%         3d5       98%         4
 Iskenderun's Mystic Bla  Conj/Tloc      0%         2d3       98%         4
 Sculpt Simulacrum        Ice/Alch       0%         N/A       100%        6
 Ozocubu's Refrigeration  Ice            0%         4d7       100%        7
 Polar Vortex             Ice            0%         N/A       100%        9


Dungeon Overview and Level Annotations

Branches:
Dungeon (4/15)
 Temple: D:4-7

Altars:
Cheibriados


Innate Abilities, Weirdness & Mutations

You cannot wear most types of armour.
You are amphibious.
You can wear up to eight rings at the same time.
Your skin changes colour to match your surroundings (Stealth+).
Your rubbery body absorbs attacks. (AC +1, EV +1)
((You are camouflaged when in or above water. (Stealth+)))
You have tentacles for arms and can constrict up to eight enemies at once.


Message History

You have reached level 7!
Unknown command.
Unknown command.
You aren't carrying any potions.
This is a scroll of acquirement!
Something appears before you! You block the kobold's attack.
The kobold closely misses you.
Things that are here:
a +1 whip of freezing; a +0 robe
Found a scroll labelled COSMEXZAIFE.
A hound comes into view.
There is a stone staircase leading up here.
You climb upwards.
There is a stone staircase leading down here.
You start resting.
HP restored.
You start waiting.
Done waiting.
You start waiting.
Done waiting.
You climb downwards.
You block the kobold's attack. The ice beast misses you.
The kobold hits you with a +0 whip. The ice beast hits you.
The ice beast freezes you!!
You feel a terrible chill!
There is a stone staircase leading up here.
You barely miss the kobold. Your grab misses the kobold.
You squeeze the kobold.
You kill the kobold!
The ice beast barely misses you.
You tentacle-slap the ice beast. You squeeze the ice beast.
The ice beast is moderately wounded.
You tentacle-slap the ice beast. You squeeze the ice beast!
The ice beast is almost dead.
The ice beast hits you. The ice beast freezes you!
You feel a terrible chill!
* * * LOW HITPOINT WARNING * * *
You tentacle-slap the ice beast.
The ice beast is almost dead.
The ice beast hits you.
* * * LOW HITPOINT WARNING * * *
The ice beast freezes you!
You feel a terrible chill!
You die...

...##.######......# .
##........####...## ##
.#..#####.# #...#
.......##.####...#######
.#..##.#...............#.##
.#..##......................
.#..........................
.#.###########.Y.###.##.....
.#.# #.$@# #.# ..... ##.#
#...# #.# .... #.# #...# #.#
... #.###########...# #..
... #.##.......##...#######
#.##.#####.###........#
##.##.#####.####..####.#
...##[##.......#..####.#
#####.##.##.##......##^####


You could see an ice beast.

Vanquished Creatures
  Pikel (D:4)
  2 lemures (D:4)
  A scorpion (D:4)
  2 hounds (D:4)
  A jelly (D:4)
  A bombardier beetle (D:3)
  An orc priest (D:4)
  An orc wizard (D:4)
  2 adders
  2 dart slugs
  2 ribbon worms (D:4)
  14 orcs
  4 bats
  2 endoplasms
  6 goblins
  3 hobgoblins
  9 jackals
  3 quokkas
  7 ball pythons
  5 frilled lizards
  4 kobolds
  3 rats
76 creatures vanquished.

Notes
Turn   | Place    | Note
-------+----------+-------------------------------------------
     0 | D:1      | BigDaddyOpFi the Octopode Fighter began the quest for the
                  | Orb.
     0 | D:1      | Reached XP level 1. HP: 16/16 MP: 1/1
   156 | D:1      | Reached XP level 2. HP: 21/21 MP: 2/2
   635 | D:2      | Reached XP level 3. HP: 26/26 MP: 3/3
  1038 | D:3      | Found a snail-covered altar of Cheibriados.
  1158 | D:3      | Reached skill level 3 in Unarmed Combat
  1161 | D:3      | Reached XP level 4. HP: 31/31 MP: 4/4
  1772 | D:4      | Noticed a scorpion
  1777 | D:4      | Killed a scorpion
  1778 | D:4      | Reached XP level 5. HP: 29/37 MP: 5/5
  1786 | D:4      | Reached skill level 4 in Unarmed Combat
  1955 | D:4      | Reached XP level 6. HP: 39/43 MP: 6/6
  2493 | D:4      | Noticed Pikel
  2504 | D:4      | Noticed an ice beast
  2505 | D:4      | HP: 2/44 [Pikel/+1 whip of freezing (5)]
  2508 | D:4      | Killed Pikel
  2509 | D:4      | Reached skill level 5 in Fighting
  2509 | D:4      | Reached skill level 5 in Dodging
  2509 | D:4      | Reached skill level 6 in Unarmed Combat
  2509 | D:4      | Reached XP level 7. HP: 2/50 MP: 7/7
  2509 | D:4      | Identified a scroll of acquirement
  2509 | D:4      | Acquired the +1 hat "Doufoosk" {Str+4 Int+6 Dex-3}
  2882 | D:4      | Mangled by an ice beast

Illustrated notes

Levels and vault maps discovered:
D:1:      wander_arrival_desolate, layout_basic
D:2:      layout_rooms
D:3:      layout_basic, old_standard_altar
D:4:      layout_loops_cross, biasface_ghost_orc_armoury, uniq_pikel

Skill      XL: |  1  2  3  4  5  6 |
---------------+-------------------+-----
Unarmed Combat | 3 4 6 |  6.1
Fighting       | 4 5 |  5.1
Dodging        | 4 5 |  5.2
Shields        | |  3.2

Action                     |  1- 3 |  4- 6 |  7- 9 || total
---------------------------+-------+-------+-------++-------
  Melee: Unarmed           |    77 |    94 |     4 ||   175
         Tentacles         |    17 |    29 |     3 ||    49
         Constrict         |    18 |    22 |       ||    40
         Punch             |     4 |     7 |       ||    11
    Use: Scroll            |     1 |     7 |     1 ||     9
         Potion            |       |     4 |       ||     4
   Stab: Sleeping          |     4 |     3 |       ||     7
 Armour: Skin              |    35 |    52 |     4 ||    91
  Dodge: Dodged            |    57 |    76 |     3 ||   136
  Block: Buckler           |     2 |       |       ||     2
         Other             |       |     4 |     2 ||     6
